 Dungeon Crawl Stone Soup version 0.28-a0-664-gc179e30c89 (webtiles) character file.

Game seed: 12323924000522083971

39 karkarkar the Skirmisher (level 3, -1/34 HPs)
             Began as a Minotaur Fighter on Oct 15, 2021.
             Slain by Sigmund (2 damage)
             ... on level 2 of the Dungeon.
             The game lasted 00:02:26 (1136 turns).

karkarkar the Skirmisher (Minotaur Fighter)         Turns: 1136, Time: 00:02:27

Health: -1/34      AC:  8    Str: 21    XL:     3   Next: 26%
Magic:  2/2        EV:  9    Int:  5    God:
Gold:   113        SH:  4    Dex:  9    Spells: 2/2 levels left

rFire   . . .      SeeInvis .   a - +0 war axe
rCold   . . .      Faith    .   c - +0 buckler
rNeg    . . .      Spirit   .   b - +0 scale mail
rPois   .          Reflect  .   (helmet restricted)
rElec   .          Harm     .   (no cloak)
rCorr   .          Rampage  .   (no gloves)
Will    .....                   f - +0 pair of boots
Stlth   ..........              (no amulet)
HPRegen 0.11/turn               (no ring)
MPRegen 0.08/turn               (no ring)

@: mighty
A: horns 2, retaliatory headbutt
a: no special abilities


You were on level 2 of the Dungeon.
You visited 1 branch of the dungeon, and saw 2 of its levels.

You collected 113 gold pieces.

Inventory:

Hand Weapons
 a - a +0 war axe (weapon)
Armour
 b - a +0 scale mail (worn)
 c - a +0 buckler (worn)
 f - a +0 pair of boots (worn)
Scrolls
 e - a scroll of fog {unknown}
 g - a scroll of acquirement
 i - a scroll of enchant weapon {unknown}
 l - a scroll of teleportation
Potions
 d - a potion of might
 h - a potion of flight {unknown}
 j - a potion of cancellation {unknown}
 k - a potion of attraction {unknown}
 m - a potion of heal wounds {unknown}


   Skills:
 + Level 4.5 Fighting
 + Level 3.2 Axes
 - Level 3.6 Armour
 - Level 4.0 Shields


You had 2 spell levels left.
You didn't know any spells.
Your spell library was empty.

Dungeon Overview and Level Annotations

Branches:
Dungeon (2/15)

Altars:

Shops:
D:1 =

Annotations:
D:2 1 runed translucent door, Crazy Yiuf, Sigmund


Innate Abilities, Weirdness & Mutations

You have a pair of horns on your head.
You reflexively headbutt those who attack you in melee.


Message History

No target in view!
You hear some strange, mumbled words.
You are confused.
You're too confused to move!
You hear some strange, mumbled words.
You are more confused.
You are too confused!
You are too confused!
You are too confused!
You are too confused!
Unknown command.
Something hits you but does no damage. Something hits you but does no damage.
You bump into the rock wall.
Something hits you but does no damage.
You closely miss something. Your headbutt misses something. Something hits you.
You bump into the rock wall.
You hear some strange, mumbled words.
You are more confused.
Something hits you.
You are too confused!
You feel very mighty all of a sudden. Something completely misses you.
Something hits you.
You hear some strange, mumbled words.
A magic dart appears from out of thin air!
The magic dart hits you but does no damage.
Something hits you but does no damage.
You feel less confused. Something hits you. Something hits you!
You closely miss something. Your headbutt misses something. Something hits you!
* * * LOW HITPOINT WARNING * * *
You closely miss something. Something hits you.
* * * LOW HITPOINT WARNING * * *
You barely miss something. Something hits you but does no damage.
You closely miss something. Your headbutt misses something.
You hear some strange, mumbled words.
Something tries to affect you, but you resist.
You closely miss something. Something hits you.
You die...

#.....#.#
###.....#.#
.........
#.....#
#...†.# ####
#..#.#
#...###.#.#
#.##.#{##.#
#.# #.@.#.###
#.# #.......#
#.###...###.#
###.......#
#...###...#
#.#.#
#.......
#.#.#
###.#....
#.#.# #.#....
#.#.# #.# #.#


There were no monsters in sight!

Vanquished Creatures
  2 adder zombies (D:1)
  A dart slug (D:1)
  10 ball pythons
  2 endoplasms
  3 goblins
  2 hobgoblins (D:1)
  2 kobolds (D:1)
  4 bats
  A frilled lizard (D:1)
  4 rats
31 creatures vanquished.

Vanquished Creatures (others)
  A fungus (D:1)
  2 plants (D:1)
3 creatures vanquished.

Grand Total: 34 creatures vanquished

Notes
Turn   | Place    | Note
-------+----------+-------------------------------------------
     0 | D:1      | karkarkar the Minotaur Fighter began the quest for the Orb.
     0 | D:1      | Reached XP level 1. HP: 19/19 MP: 0/0
   160 | D:1      | Reached XP level 2. HP: 27/27 MP: 1/1
   186 | D:1      | Found a faded altar of an unknown god.
   212 | D:1      | Found Iwnudyosch's Jewellery Boutique.
   590 | D:1      | Identified a scroll of acquirement
   661 | D:1      | Reached XP level 3. HP: 32/34 MP: 2/2
   963 | D:2      | Found a runed translucent door.
   964 | D:2      | Noticed Crazy Yiuf
  1102 | D:2      | Noticed Sigmund
  1133 | D:2      | HP: 1/34 [something (5)]
  1136 | D:2      | Slain by Sigmund

Illustrated notes

Levels and vault maps discovered:
D:1:      saegor_arrival_fortress, layout_basic,
          dreamdust_ecumenical_altar_grove, serial_shops, shop,
          minmay_misc_feat_alley, serial_bayou_pond_b, minmay_pentomino_q2
D:2:      layout_loops_ring, uniq_crazy_yiuf_cottage, uniq_sigmund

Skill      XL: |  1  2  3 |
---------------+----------+-----
Fighting       | 4 |  4.5
Axes           | 3 |  3.2
Shields        | 4 |  4.0
Armour         | |  3.6

Action                   || total
-------------------------++-------
Melee: War axe           ||    64
       Headbutt          ||     7
  Use: Scroll            ||     2
       Potion            ||     1
Armor: Scale mail        ||    42
Dodge: Dodged            ||    25
Block: Buckler           ||    13

Table legend: (Time is in decaauts)
 A = Elapsed time spent in this place.
 B = Non-inter-level travel time spent in this place.
 C = Inter-level travel time spent in this place.
 D = Time resting spent in this place.
 E = Time spent auto-exploring this place.
 F = Levels seen in this place.
 G = Mean time per level.
                   A        B        C        D        E       F      G
               +--------+--------+--------+--------+--------+-----+--------+
         Total |   1159 |   1135 |     24 |      0 |    911 |   2 |  579.5 |
       Dungeon |   1159 |   1135 |     24 |      0 |    911 |   2 |  579.5 |
               +--------+--------+--------+--------+--------+-----+--------+

Top non-repeatable levels by time:
     D:1: 915 daAuts
     D:2: 244 daAuts
